 Dungeon Crawl Stone Soup version 0.29.0-4-gdea44cf6ec (webtiles) character file.

Game seed: 11679645544990696241

452 qw the Ruffian (level 6, -6/54 (59) HPs)
             Began as a Troll Cinder Acolyte on Sept 1, 2022.
             Was a High Priest of Ignis.
             Mangled by a wight
             ... wielding a +3 battleaxe
              (8 damage)
             ... on level 6 of the Dungeon.
             The game lasted 00:01:42 (2550 turns).

qw the Ruffian (Troll Cinder Acolyte)               Turns: 2550, Time: 00:01:43

HP:   -6/54 (59)    AC: 11    Str: 25    XL:     6   Next: 75%
MP:   6/6           EV:  9    Int: 10    God:    Ignis [*****.]
Gold: 510           SH:  0    Dex:  5    Spells: 7/7 levels left

rFire   + . .      SeeInvis .     - Unarmed
rCold   . . .      Faith    .   (no shield)
rNeg    . . .      Spirit   .   a - +0 robe
rPois   .          Reflect  .   (helmet restricted)
rElec   .          Harm     .   (no cloak)
rCorr   .          Rampage  .   (gloves unavailable)
Will    .....                   (boots unavailable)
Stlth   +.........              (no amulet)
HPRegen 0.98/turn               (no ring)
MPRegen 0.10/turn               (no ring)

@: fiery-armoured, drained
A: large, unfitting armour, claws 3, regeneration 1, shaggy fur 1, tough skin 1
a: Renounce Religion, Fiery Armour, Foxfire Swarm, Rising Flame


You were on level 6 of the Dungeon.
You worshipped Ignis.
Ignis was extremely pleased with you.
You visited 1 branch of the dungeon, and saw 5 of its levels.

You collected 510 gold pieces.


Innate Abilities, Weirdness & Mutations

You are too large for most types of armour.
You have claws for hands.
Your natural rate of healing is unusually fast.
You are covered in fur. (AC +1)
You have tough skin. (AC +1)


   Skills:
 - Level 2.4 Fighting
 + Level 7.7 Unarmed Combat
 - Level 1.0 Spellcasting
 - Level 2.1 Fire Magic


You had 7 spell levels left.
You didn't know any spells.
Your spell library contained the following spells:

 Spells                   Type           Power      Damage    Failure   Level
 Scorch                   Fire           8%         2d5       22%         2

Inventory:

Armour
 a - a +0 robe (worn)
Scrolls
 c - a scroll of butterflies {unknown}
 i - a scroll of identify
Potions
 b - a potion of degeneration {unknown}
 e - a potion of cancellation
 f - a potion of ambrosia {unknown}
 g - a potion of brilliance {unknown}
 h - a potion of heal wounds {unknown}
 j - a potion of lignification {unknown}
 l - a potion of attraction {unknown}

Dungeon Overview and Level Annotations

Branches:
Dungeon (4/15)
 Temple: D:4-7

Altars:
Makhleb
Ru
Sif Muna
Trog
Yredelemnul


Message History

You scratch the wight.
The wight is heavily damaged.
The wight barely misses you.
You barely miss the wight.
The wight is heavily damaged.
The wight barely misses you.
You completely miss the wight. Your claw misses the wight.
The wight is heavily damaged.
The wight barely misses you.
The orc throws a boomerang.
The boomerang closely misses you.
You barely miss the wight.
The wight is heavily damaged.
The wight closely misses you.
2543 ||| Stepping ~*~*~tactically~*~*~ (outnumbered).
2544 ||| Stepping ~*~*~tactically~*~*~ (outnumbered).
The orc attacks as you move away! The orc barely misses you.
The wight attacks as you move away! The wight hits you with a +3 battleaxe.
The orc throws a boomerang.
The boomerang hits you.
You scratch the wight but do no damage.
The wight is heavily damaged.
The wight hits you with a +3 battleaxe!!
You feel drained.
2546 ||| Stepping ~*~*~tactically~*~*~ (outnumbered).
2547 ||| Stepping ~*~*~tactically~*~*~ (outnumbered).
The orc attacks as you move away! The orc closely misses you.
The wight attacks as you move away! The wight barely misses you.
2548 ||| Stepping ~*~*~tactically~*~*~ (outnumbered).
The wight attacks as you move away! The wight hits you with a +3 battleaxe!
2549 ||| INVOKING Fiery Armour.
A protective cloak of flame settles atop you.
The wight hits you with a +3 battleaxe!
You feel drained. The orc hits you with a +0 hand axe.
The orc is burned by your cloak of flames.
The orc is lightly wounded.
2550 ||| Stepping ~*~*~tactically~*~*~ (outnumbered).
The orc attacks as you move away! The orc hits you but does no damage.
The orc is burned by your cloak of flames.
The orc is severely wounded.
The wight attacks as you move away! The wight hits you with a +3 battleaxe!
You die...

##.#### #. .....#
#.#####.##.# #.......##.###
#..._.......#######
##........#........#
###.........#........#
.......8....#........#
............#...@....########
............+...oz...........
......._....#.........#######
............#.........#
..........###.........#######
..........+ #............!...
##........# #.##........##..#
##.....####.#.##....>...#
.#!....####.#.##..........


You could see a wight and an orc.

Vanquished Creatures
  A necrophage (D:6)
  3 wights
  2 jellies
  Jessica (D:3)
  A gnoll (D:3)
  7 adders
  A dart slug (D:2)
  5 ball pythons
  12 endoplasms
  3 giant cockroaches (D:2)
  7 goblins
  2 hobgoblins
  4 jackals
  A quokka (D:3)
  4 bats
  2 frilled lizards
  13 kobolds
  9 rats
  A spectral orc (D:3)
79 creatures vanquished.

Vanquished Creatures (others)
  2 fungi (D:2)
  6 toadstools (D:2)
8 creatures vanquished.

Grand Total: 87 creatures vanquished

Notes
Turn   | Place    | Note
-------+----------+-------------------------------------------
     0 | D:1      | qw the Troll Cinder Acolyte began the quest for the Orb.
     0 | D:1      | Reached XP level 1. HP: 22/22 MP: 1/1
     0 | D:1      | 0 ||| qw: Version: 0.1-a-97-g2dd2ca4
     0 | D:1      | 0 ||| qw: Game counter: 4849
     0 | D:1      | 0 ||| qw: Always use a shield: true
     0 | D:1      | 0 ||| qw: God list: Okawaru
     0 | D:1      | 0 ||| qw: Allow faded altars: false
     0 | D:1      | 0 ||| qw: Do Orc after D:15 true
     0 | D:1      | 0 ||| qw: Do second Lair branch before Depths: true
     0 | D:1      | 0 ||| qw: Lair rune preference: random
     0 | D:1      | 0 ||| qw: Plans: Normal
     0 | D:1      | 0 ||| PLANNING D:1-11
    97 | D:1      | Found a faded altar of an unknown god.
   297 | D:1      | Reached XP level 2. HP: 27/29 MP: 2/2
   554 | D:1      | 554 ||| DROPPING +6 ring of intelligence.
   555 | D:1      | 555 ||| READING scroll labelled QIRONT BABRAYG.
   555 | D:1      | Identified a scroll of acquirement
   555 | D:1      | 555 ||| ACQUIRING 355 gold pieces
   555 | D:1      | Acquired 355 gold pieces
   557 | D:1      | 557 ||| READING scroll labelled SEL TEZ QUTAT.
   558 | D:1      | 558 ||| DRINKING 2 smoky emerald potions.
   661 | D:2      | Reached skill level 4 in Unarmed Combat
   767 | D:2      | Reached XP level 3. HP: 36/36 MP: 3/3
   855 | D:2      | 855 ||| Stepping ~*~*~tactically~*~*~ (stealth).
   858 | D:2      | 858 ||| Stepping ~*~*~tactically~*~*~ (stealth).
   861 | D:2      | 861 ||| Stepping ~*~*~tactically~*~*~ (stealth).
   978 | D:2      | Reached XP level 4. HP: 44/44 MP: 4/4
  1014 | D:2      | Reached skill level 5 in Unarmed Combat
  1296 | D:2      | 1296 ||| Stepping ~*~*~tactically~*~*~ (outnumbered).
  1297 | D:2      | 1297 ||| Stepping ~*~*~tactically~*~*~ (outnumbered).
  1298 | D:2      | 1298 ||| Stepping ~*~*~tactically~*~*~ (outnumbered).
  1299 | D:2      | 1299 ||| Stepping ~*~*~tactically~*~*~ (outnumbered).
  1300 | D:2      | 1300 ||| Stepping ~*~*~tactically~*~*~ (outnumbered).
  1302 | D:2      | 1302 ||| Stepping ~*~*~tactically~*~*~ (outnumbered).
  1304 | D:2      | 1304 ||| Stepping ~*~*~tactically~*~*~ (outnumbered).
  1305 | D:2      | 1305 ||| Stepping ~*~*~tactically~*~*~ (outnumbered).
  1307 | D:2      | 1307 ||| Stepping ~*~*~tactically~*~*~ (outnumbered).
  1308 | D:2      | 1308 ||| Stepping ~*~*~tactically~*~*~ (outnumbered).
  1309 | D:2      | 1309 ||| Stepping ~*~*~tactically~*~*~ (outnumbered).
  1310 | D:2      | 1310 ||| Stepping ~*~*~tactically~*~*~ (outnumbered).
  1311 | D:2      | 1311 ||| Stepping ~*~*~tactically~*~*~ (outnumbered).
  1313 | D:2      | 1313 ||| Stepping ~*~*~tactically~*~*~ (outnumbered).
  1314 | D:2      | 1314 ||| Stepping ~*~*~tactically~*~*~ (outnumbered).
  1315 | D:2      | 1315 ||| Stepping ~*~*~tactically~*~*~ (outnumbered).
  1316 | D:2      | 1316 ||| Stepping ~*~*~tactically~*~*~ (outnumbered).
  1317 | D:2      | 1317 ||| Stepping ~*~*~tactically~*~*~ (outnumbered).
  1318 | D:2      | 1318 ||| Stepping ~*~*~tactically~*~*~ (outnumbered).
  1319 | D:2      | 1319 ||| Stepping ~*~*~tactically~*~*~ (outnumbered).
  1321 | D:2      | 1321 ||| Stepping ~*~*~tactically~*~*~ (outnumbered).
  1382 | D:2      | 1382 ||| INVOKING Fiery Armour.
  1632 | D:2      | 1632 ||| READING 2 scrolls labelled WEMITU VEHYVOPS.
  1633 | D:2      | 1633 ||| READING scroll labelled FEALES MUMI.
  1634 | D:2      | 1634 ||| READING scroll labelled QIUGUA OMMESE.
  1635 | D:2      | 1635 ||| READING scroll labelled ICU TEOMUAPAEW.
  1639 | D:2      | 1639 ||| READING 2 scrolls of identify.
  1639 | D:2      | 1639 ||| IDENTIFYING cyan potion
  1640 | D:2      | 1640 ||| DROPPING scroll of fear.
  1641 | D:2      | 1641 ||| DROPPING potion of flight.
  1714 | D:3      | Reached skill level 6 in Unarmed Combat
  1714 | D:3      | Reached XP level 5. HP: 46/50 MP: 5/5
  1943 | D:3      | 1943 ||| Stepping ~*~*~tactically~*~*~ (hiding).
  1945 | D:3      | 1945 ||| Stepping ~*~*~tactically~*~*~ (hiding).
  1946 | D:3      | 1946 ||| Stepping ~*~*~tactically~*~*~ (hiding).
  1947 | D:3      | 1947 ||| Stepping ~*~*~tactically~*~*~ (hiding).
  1948 | D:3      | 1948 ||| Stepping ~*~*~tactically~*~*~ (hiding).
  1949 | D:3      | 1949 ||| Stepping ~*~*~tactically~*~*~ (hiding).
  1950 | D:3      | 1950 ||| Stepping ~*~*~tactically~*~*~ (hiding).
  2026 | D:3      | Found a bloodstained altar of Trog.
  2054 | D:3      | Found a shimmering blue altar of Sif Muna.
  2054 | D:3      | Noticed Jessica
  2059 | D:3      | Killed Jessica
  2266 | D:3      | Found a basalt altar of Yredelemnul.
  2289 | D:3      | 2289 ||| READING scroll labelled ZOOBLORHEDI.
  2290 | D:3      | 2290 ||| READING 2 scrolls labelled BAEXTO GAIK.
  2291 | D:3      | 2291 ||| READING scroll labelled EDAHYPTUIPI.
  2292 | D:3      | 2292 ||| READING scroll labelled MIXTAO TORE.
  2317 | D:3      | 2317 ||| READING scroll labelled SICOGA HUOWUS.
  2318 | D:3      | 2318 ||| DROPPING scroll of blinking.
  2319 | D:3      | 2319 ||| Stepping randomly (stuck).
  2320 | D:3      | 2320 ||| Stepping ~*~*~tactically~*~*~ (cloud).
  2380 | D:4      | 2380 ||| STAIRDANCE
  2384 | D:3      | Reached XP level 6. HP: 56/59 MP: 6/6
  2388 | D:3      | Reached skill level 7 in Unarmed Combat
  2411 | D:4      | 2411 ||| STAIRDANCE
  2458 | D:4      | You fall into a shaft and drop 2 floors!
  2490 | D:6      | 2490 ||| Stepping ~*~*~tactically~*~*~ (stealth).
  2491 | D:6      | 2491 ||| Stepping ~*~*~tactically~*~*~ (stealth).
  2491 | D:6      | Found a burning altar of Makhleb.
  2492 | D:6      | 2492 ||| Stepping ~*~*~tactically~*~*~ (stealth).
  2510 | D:6      | Found a sacrificial altar of Ru.
  2543 | D:6      | 2543 ||| Stepping ~*~*~tactically~*~*~ (outnumbered).
  2544 | D:6      | 2544 ||| Stepping ~*~*~tactically~*~*~ (outnumbered).
  2546 | D:6      | 2546 ||| Stepping ~*~*~tactically~*~*~ (outnumbered).
  2547 | D:6      | 2547 ||| Stepping ~*~*~tactically~*~*~ (outnumbered).
  2548 | D:6      | 2548 ||| Stepping ~*~*~tactically~*~*~ (outnumbered).
  2549 | D:6      | 2549 ||| INVOKING Fiery Armour.
  2549 | D:6      | HP: 8/56 [wight/+3 battleaxe (10)]
  2549 | D:6      | HP: 2/54 [orc/+0 hand axe (3)]
  2550 | D:6      | 2550 ||| Stepping ~*~*~tactically~*~*~ (outnumbered).
  2550 | D:6      | Mangled by a wight

Levels and vault maps discovered:
D:1:      mrwooster_arrival_statue_3, layout_loops_ring,
          shapermc_ecumenical_altar_totnotflames
D:2:      cheibrodos_fertilizer, layout_basic, minmay_bisected
D:3:      layout_basic, nzn_overflow_gifts_of_might_and_magic,
          yredelemnul_forgotten_temple_becter
D:4:      layout_rooms, ebering_ghost_rock_garden, nicolae_figureground_sparkle
D:6:      layout_basic, grunt_temple_overflow_open, st_stairs_6,
          nicolae_stop_n_shop_1, uniq_edmund

Skill      XL: |  1  2  3  4  5  6 |
---------------+-------------------+-----
Unarmed Combat | 4 6 7 |  7.7
Fighting       | |  2.4
Spellcasting   | |  1.0
Fire Magic     | |  2.1

Action                   |  1- 3 |  4- 6 || total
-------------------------+-------+-------++-------
Melee: Unarmed           |    83 |   125 ||   208
       Punch             |       |     3 ||     3
Invok: Fiery Armour      |       |     2 ||     2
  Use: Scroll            |     2 |    10 ||    12
       Potion            |     1 |       ||     1
Armor: Robe              |    30 |    34 ||    64
Dodge: Dodged            |    29 |    48 ||    77

Table legend:
 A = Non-vault XP
 B = Vault XP
 C = Vault XP percentage of total XP
 D = Non-vault monster count
 E = Vault monster count
 F = Vault count percentage of total count
                 A         B        C        D         E       F
            +---------+---------+-------+---------+---------+-------
      Total |     519 |     127 |  19.7 |      57 |      22 |  27.8
            +---------+---------+-------+---------+---------+-------
        D:1 |      21 |       0 |   0.0 |      13 |       0 |   0.0
        D:2 |      84 |      75 |  47.2 |      23 |      19 |  45.2
        D:3 |     236 |      52 |  18.1 |      18 |       3 |  14.3
        D:4 |      80 |       0 |   0.0 |       1 |       0 |   0.0
        D:6 |      98 |       0 |   0.0 |       2 |       0 |   0.0
            +---------+---------+-------+---------+---------+-------
